 Dungeon Sprint DCSS version 0.22-a0-136-g83a10e5898 (webtiles) character file.

5 Denreik the Skirmisher (level 1, -4/20 HPs)
             Began as a Formicid Skald on Feb 3, 2018.
             Killed by nerve-wracking pain
             ... invoked by a shadow imp
              (13 damage)
             ... in the Dungeon (Sprint IX: "|||||||||||||||||||||||||||||").
             The game lasted 00:00:50 (255 turns).

Denreik the Skirmisher (Formicid Skald)              Turns: 255, Time: 00:00:50

Health: -4/20      AC:  3    Str: 15    XL:     1   Next: 88%
Magic:  3/3        EV: 11    Int: 12    God:
Gold:   0          SH:  0    Dex: 10    Spells: 3/4 levels left

rFire    . . .     SeeInvis +   a - +0 falchion
rCold    . . .     Gourm    .   (no shield)
rNeg     . . .     Faith    .   b - +0 leather armour
rPois    .         Spirit   .   (helmet unavailable)
rElec    .         Reflect  .   (no cloak)
rCorr    .         Harm     .   (no gloves)
MR       .....                  (no boots)
Stlth    +.........             (no amulet)
HPRegen  0.06/turn              (no ring)
MPRegen  0.08/turn              (no ring)

@: no status effects
A: permanent stasis, dig shafts and tunnels, four strong arms, antennae 3
a: Dig


You were in the Dungeon.
You were not hungry.

You visited 1 branch

Inventory:

Hand Weapons
 a - a +0 falchion (weapon)
Missiles
 k - a stone (quivered)
Armour
 b - a +0 leather armour (worn)
Scrolls
 j - a scroll of blinking
Potions
 e - a potion of curing
 f - a potion of heal wounds
 g - a potion of haste
 h - 2 potions of magic
 i - a potion of berserk rage
Books
 c - a book of Battle

   Spells                             Type                      Level
   a - Infusion                       Charms                       1
   b - Shroud of Golubria             Charms/Translocation         2
   c - Song of Slaying                Charms                       2
   d - Spectral Weapon                Hexes/Charms                 3
   e - Regeneration                   Charms/Necromancy            3
Comestibles
 d - a ration


   Skills:
 * Level 4.4 Fighting
 - Level 2.0 Long Blades
 - Level 1.1 Armour
 - Level 1.7 Dodging
 - Level 2.1 Spellcasting
 - Level 3.0 Charms


You had 3 spell levels left.
You knew the following spells:

 Your Spells              Type           Power        Failure   Level  Hunger
a - Infusion              Chrm           #...         10%         1    ##.....


Dungeon Overview and Level Annotations

Branches:
Dungeon (1/1)

Altars:


Innate Abilities, Weirdness & Mutations

You cannot be hasted, slowed, berserked, paralysed or teleported.
You can dig through walls and to a lower floor.
Your four strong arms can wield two-handed weapons with a shield.
You have a pair of large antennae on your head. (SInv)


Message History

The shadow imp closely misses you.
You riposte.
You hit the shadow imp.
The shadow imp is almost dead.
You closely miss the shadow imp.
The shadow imp is almost dead.
The shadow imp barely misses you. The shadow imp gestures at you.
You barely resist. You closely miss the shadow imp.
The shadow imp is almost dead.
The shadow imp barely misses you.
You hit the shadow imp but do no damage.
The shadow imp is almost dead.
The shadow imp closely misses you.
You riposte.
You barely miss the shadow imp.
The shadow imp is almost dead.
You closely miss the shadow imp.
The shadow imp is almost dead.
The shadow imp gestures at you. Pain shoots through your body!
Ouch! That really hurt!
You die... ▓▓▓▓▓▓▓▓▓▓▓▓▓▓▓▓▓▓ +ZlaS5@....))...<▓ ▓▓▓▓▓▓▓▓▓▓▓▓▓▓▓▓▓▓

You could see a worker ant, an adder, a shadow imp, a frilled lizard and a bat skeleton.

Vanquished Creatures
  A bat (D)
  A goblin (D)
  A hobgoblin (D)
  2 kobolds (D)
5 creatures vanquished.

Notes
Turn   | Place    | Note
-------+----------+-------------------------------------------
     0 | D        | Denreik the Formicid Skald began the quest for the Orb.
     0 | D        | Reached XP level 1. HP: 16/16 MP: 3/3
    12 | D        | Reached skill level 3 in Fighting
    16 | D        | Reached skill level 4 in Fighting
   181 | D        | Noticed a worker ant
   255 | D        | Killed from afar by a shadow imp

Vault maps used:
D:        linesprint

Skill      XL: |  1 |
---------------+----+-----
Fighting       | 4 |  4.4
Long Blades    | |  2.0
Armour         | |  1.1
Dodging        | |  1.7
Spellcasting   | |  2.1
Charms         | |  3.0

Action                   || total
-------------------------++-------
Melee: Falchion          ||    29
 Cast: Infusion          ||     1
Armor: Leather armour    ||     4
Dodge: Dodged            ||    23
       Rpst.: Falchion   ||     7

Table legend:
 A = Spawn XP
 B = Non-spawn XP
 C = Spawn XP percentage of total XP
 D = Spawn monster count
 E = Non-spawn monster count
 F = Spawn count percentage of total count
 G = Total turns spent on level
                    A         B        C        D         E        F      G
               +---------+---------+-------+---------+---------+-------+---------
         Total |       0 |       8 |   0.0 |       0 |       5 |   0.0 |   255
               +---------+---------+-------+---------+---------+-------+---------
             D |       0 |       8 |   0.0 |       0 |       5 |   0.0 |   255
               +---------+---------+-------+---------+---------+-------+---------
